 Dungeon Sprint DCSS version 0.20.1-1-g8b1a95d66d (webtiles) character file.

8600000 Jannitor the Invulnerable (level 27, -16/199 HPs)
             Began as a Gargoyle Chaos Knight on Nov 23, 2017.
             Was the Champion of Makhleb.
             Demolished by a destroyer
             ... wielding a +9 great sword of slicing
              (33 damage)
             ... in the Dungeon (Sprint VIII: "Arena of Blood").
             The game lasted 00:03:55 (86 turns).

Jannitor the Invulnerable (Gargoyle Chaos Knight)     Turns: 86, Time: 00:03:56

Health: -16/199    AC: 29    Str: 19    XL:     27
Magic:  38/54      EV: 32    Int: 15    God:    Makhleb [******]
Gold:   0          SH:  0    Dex: 17    Spells: 80/80 levels left

rFire    . . .     SeeInvis +   j - +∞ Axe of Woe
rCold    . . .     Gourm    .   (shield currently unavailable)
rNeg     + . .     Faith    .   b - +2 leather armour
rPois    ∞         Spirit   .   (no helmet)
rElec    +         Reflect  .   (no cloak)
rCorr    .         Harm     .   (no gloves)
MR       ++...     NoTele   +   (no boots)
Stlth    +++++++++.             (no amulet)
Regen    0.5/turn               k - ring of see invisible
MPRegen  0.4/turn               (no ring)

@: no status effects
A: big wings, negative energy resistance 1, electricity resistance, unbreathing,
petrification resistance, rot immunity, AC +20
a: Fly, Minor Destruction, Lesser Servant of Makhleb, Major Destruction, Greater
Servant of Makhleb, Renounce Religion


You were in the Dungeon.
You worshipped Makhleb.
Makhleb was exalted by your worship.
You were not hungry.

You visited 1 branch

Inventory:

Hand Weapons
 a - a +0 hand axe of chaos
 j - the +∞ Axe of Woe (weapon)
   (You found it in the Dungeon)
Armour
 b - a +2 leather armour (worn)
Jewellery
 k - a ring of see invisible (left hand)
Scrolls
 i - a scroll of blinking
Potions
 d - a potion of curing
 e - a potion of heal wounds
 f - a potion of haste
 g - 2 potions of magic
 h - a potion of berserk rage
Comestibles
 c - a bread ration


   Skills:
 O Level 27 Fighting
   Level 0.1 Short Blades
 O Level 27 Axes
 O Level 27 Throwing
 O Level 27 Armour
 O Level 27 Dodging
 O Level 27 Stealth
 O Level 27 Unarmed Combat
 O Level 27 Spellcasting
 O Level 27 Invocations


You had 80 spell levels left.
You didn't know any spells.

Dungeon Overview and Level Annotations

Branches:
Dungeon (1/1)

Altars:
Makhleb


Innate Abilities, Weirdness & Mutations

You are resistant to torment.
Your stone body is resilient. (AC +20)
You are immune to poison.
Your large and strong wings let you fly indefinitely.
You resist negative energy. (rN+)
You are resistant to electric shocks. (rElec)
You can survive without breathing.
You are immune to petrification.
You are immune to rotting.


Message History

You destroy the small abomination!
Makhleb accepts your kill.
You are engulfed in blazing flames.
You hear a shout! x9
Unknown command.
Unknown command.
You are engulfed in blazing flames.
You hear a shout! x3
The eight-headed meat hydra appears out of thin air!
An eight-headed meat hydra comes into view.
You hear a shout! x8
Things that are here:
a +9 giant spiked club; a +100 ring of slaying Unknown command.
You are engulfed in blazing flames.
The eight-headed meat hydra roars!
You hear a shout! x9
The destroyer hits you with a +9 great sword of slicing!!!!!
Ouch! That really hurt!
* * * LOW HITPOINT WARNING * * *
You die...

####..%....
####.......).)
####...)))).))##)
####....))))))...%..
####.....))))####.....#
#.....%...))#)..X......
#.....§§§)...#Xz.......
#...D)§§o....#.x....%x)
#...O.@§###...#.....)))
#...WV### V....#....)x)
#%..2#. ..........)x)
#..%o O. ......%...))§
#....


ooV .......#).) #.... ooO. #.....#)). #.... ..o.# ....###... #.... .o.O.
.........# .#........ You could see a meat beast, an eight-headed meat hydra, a
destroyer, a large bag of meat (inner flame), a wretched soul (invisible) and 2
bags of meat.

Vanquished Creatures
  A hell beast (D)
  2 greater mummies (D)
  2 wraiths (D)
  6 vampire knights (D)
  A lich (D)
  59 orcs (D)
  A phantom (D)
  4 skeletal warriors (D)
  3 large abominations (D)
  10 small abominations (D)
  5 crawling corpses (D)
  14 ogres (D)
  4 two-headed ogres (D)
112 creatures vanquished.

Notes
Turn   | Place    | Note
-------+----------+-------------------------------------------
     0 | D        | Jannitor the Gargoyle Chaos Knight began the quest for the Orb.
     0 | D        | Reached XP level 1. HP: 14/14 MP: 1/1
     4 | D        | Fell from the grace of Xom
     4 | D        | Became a worshipper of Makhleb the Destroyer
     6 | D        | Noticed a bag of meat
     6 | D        | Noticed a bag of meat
     6 | D        | Noticed a bag of meat
     6 | D        | Noticed a bag of meat
     7 | D        | Noticed a bag of meat
     7 | D        | Noticed a bag of meat
     7 | D        | Noticed a bag of meat
     8 | D        | Noticed a bag of meat
     9 | D        | Noticed a bag of meat
     9 | D        | Noticed a bag of meat
     9 | D        | Noticed a bag of meat
     9 | D        | Noticed a bag of meat
     9 | D        | Noticed a bag of meat
     9 | D        | Noticed a bag of meat
    10 | D        | Noticed a bag of meat
    10 | D        | Noticed a bag of meat
    10 | D        | Noticed a bag of meat
    10 | D        | Killed a bag of meat
    10 | D        | Reached skill level 15 in Fighting
    10 | D        | Reached skill level 15 in Armour
    10 | D        | Reached XP level 2. HP: 36/36 MP: 2/2
    10 | D        | Reached XP level 3. HP: 40/40 MP: 3/3
    10 | D        | Reached XP level 4. HP: 46/46 MP: 4/4
    10 | D        | Reached XP level 5. HP: 51/51 MP: 5/5
    10 | D        | Reached XP level 6. HP: 56/56 MP: 6/6
    10 | D        | Reached XP level 7. HP: 61/61 MP: 7/7
    10 | D        | Reached XP level 8. HP: 68/68 MP: 8/8
    10 | D        | Reached XP level 9. HP: 72/72 MP: 9/9
    10 | D        | Reached XP level 10. HP: 78/78 MP: 10/10
    10 | D        | Reached XP level 11. HP: 83/83 MP: 11/11
    10 | D        | Reached XP level 12. HP: 88/88 MP: 12/12
    11 | D        | Noticed a bag of meat
    11 | D        | Noticed a bag of meat
    11 | D        | Killed a bag of meat
    11 | D        | Reached * piety under Makhleb
    11 | D        | Reached skill level 15 in Axes
    11 | D        | Reached XP level 13. HP: 60/97 MP: 13/13
    11 | D        | Killed a bag of meat
    11 | D        | Reached skill level 15 in Dodging
    11 | D        | Gained mutation: Your large and strong wings let you fly indefinitely. [Gargoyle growth]
    11 | D        | Reached XP level 14. HP: 66/107 MP: 14/14
    12 | D        | Noticed a large bag of meat
    12 | D        | Noticed a bag of meat
    12 | D        | Noticed a bag of meat
    12 | D        | Killed a bag of meat
    12 | D        | Killed a bag of meat
    12 | D        | Reached ** piety under Makhleb
    12 | D        | Reached XP level 15. HP: 116/116 MP: 15/15
    12 | D        | Reached XP level 16. HP: 125/125 MP: 16/16
    13 | D        | Noticed a meat berserker
    13 | D        | Reached *** piety under Makhleb
    13 | D        | Reached XP level 17. HP: 136/136 MP: 17/17
    13 | D        | Reached **** piety under Makhleb
    13 | D        | Reached skill level 27 in Fighting
    13 | D        | Reached skill level 27 in Armour
    14 | D        | Noticed a meat berserker
    14 | D        | Killed a meat berserker
    14 | D        | Reached XP level 18. HP: 145/145 MP: 18/18
    14 | D        | Reached ***** piety under Makhleb
    14 | D        | Reached skill level 27 in Axes
    14 | D        | Reached skill level 27 in Dodging
    15 | D        | Noticed a meat berserker
    15 | D        | Reached XP level 19. HP: 151/151 MP: 18/28
    15 | D        | Reached skill level 10 in Invocations
    15 | D        | Reached skill level 10 in Throwing
    15 | D        | Reached skill level 10 in Spellcasting
    17 | D        | Killed a meat berserker
    17 | D        | Reached skill level 15 in Invocations
    17 | D        | Reached skill level 15 in Unarmed Combat
    17 | D        | Reached XP level 20. HP: 157/157 MP: 18/38
    17 | D        | Reached ****** piety under Makhleb
    17 | D        | Reached skill level 15 in Throwing
    17 | D        | Reached skill level 15 in Spellcasting
    17 | D        | Killed a large bag of meat
    19 | D        | Reached XP level 21. HP: 163/163 MP: 18/43
    20 | D        | Noticed a meat berserker
    20 | D        | Noticed a large bag of meat
    20 | D        | Noticed a large bag of meat
    21 | D        | Killed a meat berserker
    21 | D        | Reached XP level 22. HP: 146/169 MP: 19/47
    21 | D        | Reached skill level 27 in Stealth
    22 | D        | Reached skill level 27 in Invocations
    24 | D        | Killed a large bag of meat
    24 | D        | Reached skill level 27 in Throwing
    24 | D        | Reached skill level 27 in Unarmed Combat
    24 | D        | Reached skill level 27 in Spellcasting
    24 | D        | Reached XP level 23. HP: 175/175 MP: 20/54
    27 | D        | Reached XP level 24. HP: 181/181 MP: 21/54
    29 | D        | Killed a large bag of meat
    31 | D        | Noticed a destroyer
    32 | D        | Noticed a destroyer
    32 | D        | Noticed a destroyer
    38 | D        | Reached XP level 25. HP: 187/187 MP: 24/54
    42 | D        | Noticed a destroyer
    43 | D        | HP: 7/187 [destroyer/+9 great sword of slicing (14)]
    44 | D        | Killed a destroyer
    44 | D        | Killed a destroyer
    44 | D        | Reached XP level 26. HP: 193/193 MP: 26/54
    48 | D        | Noticed a destroyer
    49 | D        | Killed a destroyer
    49 | D        | Killed a destroyer
    51 | D        | Noticed a tyrant
    51 | D        | Reached XP level 27. HP: 172/199 MP: 28/54
    53 | D        | Noticed an accursed
    53 | D        | Noticed an accursed
    54 | D        | Killed a destroyer
    55 | D        | Killed an accursed
    62 | D        | Killed a tyrant
    64 | D        | Noticed a meat beast
    64 | D        | Killed an accursed
    67 | D        | Noticed a destroyer
    68 | D        | Noticed a destroyer
    71 | D        | Noticed a dread
    73 | D        | Noticed a large bag of meat
    73 | D        | Killed a meat beast
    75 | D        | Noticed a dread
    75 | D        | Killed a large bag of meat
    78 | D        | Killed a dread
    80 | D        | Noticed a large bag of meat
    80 | D        | Killed a destroyer
    81 | D        | Killed a dread
    81 | D        | Noticed a destroyer
    83 | D        | Noticed a meat beast
    83 | D        | XOM: swap monsters
    84 | D        | Noticed a large bag of meat
    86 | D        | Demolished by a destroyer

Skill      XL: |  1  2  3  4  5  6  7  8  9 10 11 12 13 14 15 16 17 18 19 20 21 22 |
---------------+-------------------------------------------------------------------+-----
Fighting       | 15 18 19 21 23 25 27 | 27.0
Axes           | 13 15 16 19 20 22 26 27 | 27.0
Armour         | 15 18 19 21 23 25 27 | 27.0
Dodging        | 12 14 15 17 19 21 24 27 | 27.0
Throwing       | 6 14 18 21 27 | 27.0
Stealth        | 8 18 23 26 27 | 27.0
Unarmed Combat | 7 15 20 23 27 | 27.0
Spellcasting   | 6 14 18 21 27 | 27.0
Invocations    | 7 16 21 24 27 | 27.0
Short Blades   | |  0.1

Action                   |  1- 3 |  4- 6 |  7- 9 | 10-12 | 13-15 | 16-18 | 19-21 | 22-24 | 25-27 || total
-------------------------+-------+-------+-------+-------+-------+-------+-------+-------+-------++-------
Melee: Executioner's axe |     1 |       |       |     1 |     1 |     3 |     3 |     7 |    27 ||    43
Armor: Leather armour    |       |       |       |       |       |       |       |       |     5 ||     5
Dodge: Dodged            |       |       |       |       |       |       |     3 |     1 |     5 ||     9
